 Dungeon Crawl Stone Soup version 0.32-a0-35-gd9ff480968 (webtiles) character file.

Game seed: 1405106345765617201

2067 thirtiethelement the Cleaver (level 9, -17/93 HPs)
             Began as a Demonspawn Berserker on Jan 22, 2024.
             Was an Elder of Trog.
             Demolished by an orc knight
             ... wielding a +0 war axe
              (23 damage)
             ... in a bailey.
             The game lasted 00:15:06 (4314 turns).

thirtiethelement the Cleaver (Demonspawn Berserker) Turns: 4314, Time: 00:15:06

Health: -17/93     AC: 18    Str: 21    XL:     9   Next: 5%
Magic:  17/17      EV:  7    Int:  8    God:    Trog [****..]
Gold:   197        SH:  0    Dex: 16    Spells: 8/8 levels left

rFire   + . .        x - +2 war axe of Responsibility {vamp, rF+ Dex+3}
rCold   . . .        (no shield)
rNeg    . . .        e - +0 plate armour
rPois   .            (no helmet)
rElec   .            i - +0 cloak
rCorr   .            w - +0 pair of gloves
SInv    .            (no boots)
Will    ++...        (no amulet) Stlth
                     q - ring of magical power
HPRegen 1.35/turn    (no ring)
MPRegen 0.15/turn

%: clarity
@: berserking, strong-willed, regenerating, very quick
A: slimy green scales 2, powered by death 1, clarity, frail 1, low MP 1
a: Renounce Religion, Berserk, Trog's Hand, Brothers in Arms


You were in a bailey.
You worshipped Trog.
Trog was greatly pleased with you.
You visited 1 branch of the dungeon, and saw 6 of its levels.
You also visited: Sewer and Bailey.

You collected 239 gold pieces.
You spent 42 gold pieces at shops.

Inventory:

Hand Weapons
 a - a +0 hand axe of chaos
 x - the +2 war axe of Responsibility (weapon) {vamp, rF+ Dex+3}
   (You found it on level 7 of the Dungeon)

   Dex+3:     It affects your dexterity (+3).
   rF+:       It protects you from fire.
Missiles
 c - 10 boomerangs (quivered)
 v - a throwing net
Armour
 e - a +0 plate armour (worn)
 i - a +0 cloak (worn)
 j - an orb of wrath
 w - a +0 pair of gloves (worn)
Magical Staves
 h - a staff of air
Jewellery
 o - a ring of wizardry
 q - a ring of magical power (left hand)
 z - an amulet of faith
Wands
 p - a wand of digging (5)
 s - a wand of flame (29)
Scrolls
 g - a scroll of teleportation
 n - a scroll of blinking
 u - 3 scrolls of silence
Potions
 b - a potion of heal wounds
 d - 7 potions of curing
 f - 2 potions of magic
 k - a potion of lignification
 l - 2 potions of brilliance
 m - a potion of haste {unknown}
 r - a potion of degeneration {unknown}
 t - a potion of mutation


   Skills:
 + Level 5.8 Fighting
 + Level 8.2 Axes
 + Level 1.2 Throwing
 + Level 5.5 Armour
 + Level 2.5 Dodging
 + Level 1.3 Stealth


You had 8 spell levels left.
You didn't know any spells.
Your spell library contained the following spells:

 Spells                   Type           Power      Damage    Failure   Level
 Summon Small Mammal      Summ           0%         N/A       100%        1
 Call Canine Familiar     Summ           0%         N/A       100%        3
 Tukima's Dance           Hex            0%         N/A       100%        3
 Dimensional Bullseye     Hex/Tloc       0%         N/A       100%        4
 Iskenderun's Mystic Bla  Conj/Tloc      0%         2d3       100%        4
 Summon Blazeheart Golem  Fire/Summ      0%         N/A       100%        4
 Arcjolt                  Conj/Air       0%         1d10      100%        5
 Summon Forest            Summ/Tloc      0%         N/A       100%        5
 Monstrous Menagerie      Summ           0%         N/A       100%        7


Dungeon Overview and Level Annotations

Branches:
Dungeon (7/15)              Sewer (visited)          Bailey (1/1)
 Temple: D:4-7

Altars:
Fedhas
Hepliaklqana
Nemelex Xobeh
Okawaru

Shops:
D:1 !


Innate Abilities, Weirdness & Mutations

You are mostly covered in slimy green scales. (AC +3)
You regenerate a little health from kills.
You possess an exceptional clarity of mind.
You are frail. (-10% HP)
Your magical capacity is low. (-10% MP)


Message History

The orc warrior attacks as it pursues you!
The orc warrior hits you but does no damage.
The orc knight roars a battlecry!
The orc knight goes into a battle-frenzy!
Items here: ))) [[[ ††.
There is an open door, spattered with blood here.
Things that are here:
a +0 hand axe; a +0 leather armour
Things that are here:
a +0 battleaxe; a +0 plate armour You slash the orc warrior!
The orc warrior is moderately wounded.
The orc warrior hits you with a +3 hand axe.
You barely miss the orc warrior.
The orc warrior is moderately wounded.
The orc warrior hits you with a +3 hand axe.
You closely miss the orc warrior.
The orc warrior is moderately wounded.
The orc warrior hits you with a +3 hand axe.
You barely miss the orc warrior.
The orc warrior is moderately wounded.
The orc warrior hits you with a +3 hand axe!
* * * LOW HITPOINT WARNING * * *
Your skin crawls.
You feel strong-willed.
The orc warrior hits you with a +3 hand axe!
* * * LOW HITPOINT WARNING * * *
A red film seems to cover your vision as you go berserk!
You feel yourself moving faster!
You feel mighty!
The orc warrior no longer looks unusually strong. x2
The orc knight roars a battlecry!
The orc warriors go into a battle-frenzy!
You completely miss the orc knight.
You are too berserk!
You closely miss the orc knight.
The orc knight hits you with a +0 war axe!
* * * LOW HITPOINT WARNING * * *
The orc knight attacks as it pursues you!
The orc knight hits you with a +0 war axe!!
You die...

♣♣♣♣..♣♣♣
###.#'#.....### ##.
♣.....♣.♣###.....###.###
#
♣♣.......##....)....###
♣........#.....).....#
♣♣.......'....)).....#
♣...∩.∩..'.....⌠.....#
♣........'...........#
♣........#...........#
♣♣.......##....@....###
♣♣....♣♣♣###...o.###.###
## ♣♣.♣♣♣
###.#)#.....### ###. ♣♣♣
###oo.......###...
#..og.......#....
#...........#).).
#.....⌠.....#o..)
#...........)o)..
#...........#....


You could see 2 orc knights, 2 orc warriors and a goblin.

Vanquished Creatures
  Pikel (D:4)
  An acid dragon (D:7)
  5 orc warriors
  An ice beast (D:7)
  A sky beast (D:7)
  A centaur (D:7)
  3 lemures (D:4)
  A kobold brigand (D:7)
  3 bullfrogs
  2 jellies (D:4)
  A hound (D:7)
  A gnoll bouda (D:7)
  An orc priest (D:7)
  A sleepcap (D:3)
  An iguana (D:4)
  6 gnolls
  6 adders
  A white imp (D:7)
  11 dart slugs
  A ribbon worm (D:3)
  24 orcs
  11 ball pythons
  3 bats (D:2)
  18 endoplasms
  9 giant cockroaches
  19 hobgoblins
  11 kobolds
  3 quokkas
  16 frilled lizards
  25 goblins
  3 rats
191 creatures vanquished.

Notes
Turn   | Place    | Note
-------+----------+-------------------------------------------
     0 | D:1      | thirtiethelement the Demonspawn Berserker began the quest
                  | for the Orb.
     0 | D:1      | Reached XP level 1. HP: 18/18 MP: 1/1
    82 | D:1      | Found Manuc's Distillery.
    99 | D:1      | Reached skill level 3 in Axes
   130 | D:1      | Gained mutation: You are partially covered in slimy green
                  | scales. (AC +2) [demonic ancestry]
   130 | D:1      | Reached XP level 2. HP: 18/24 MP: 2/2
   572 | D:1      | Bought a potion of curing for 42 gold pieces
   573 | D:1      | Gained mutation: You are frail. (-10% HP) [potion of
                  | mutation]
   573 | D:1      | Lost mutation: You are frail. (-10% HP) [potion of
                  | mutation]
   573 | D:1      | Gained mutation: Your health recovers twice as slowly from
                  | being drained. [potion of mutation]
   574 | D:1      | Lost mutation: Your health recovers twice as slowly from
                  | being drained. [potion of mutation]
   574 | D:1      | Gained mutation: You are frail. (-10% HP) [potion of
                  | mutation]
   574 | D:1      | Gained mutation: Your magical capacity is low. (-10% MP)
                  | [potion of mutation]
   574 | D:1      | Gained mutation: You possess an exceptional clarity of
                  | mind. [potion of mutation]
   767 | D:2      | Reached ** piety under Trog
   776 | D:2      | Reached XP level 3. HP: 15/26 MP: 2/2
  1434 | D:3      | Found an iron altar of Okawaru.
  1453 | D:3      | Reached XP level 4. HP: 31/31 MP: 3/3
  1519 | D:3      | Found a glowing drain.
  1548 | Sewer    | Entered a sewer
  1783 | Sewer    | Reached skill level 4 in Axes
  1844 | Sewer    | Gained mutation: You regenerate a little health from kills.
                  | [demonic ancestry]
  1844 | Sewer    | Reached XP level 5. HP: 35/36 MP: 4/4
  1914 | Sewer    | Reached *** piety under Trog
  1964 | Sewer    | Gained mutation: You are mostly covered in slimy green
                  | scales. (AC +3) [demonic ancestry]
  1964 | Sewer    | Reached XP level 6. HP: 43/43 MP: 5/5
  1980 | Sewer    | Got the Codex of Summoned Blows
  2107 | D:3      | Found a faded altar of an unknown god.
  2812 | D:4      | Noticed Pikel
  2825 | D:4      | Killed Pikel
  2826 | D:4      | Reached skill level 6 in Axes
  2826 | D:4      | Reached XP level 7. HP: 19/49 MP: 6/6
  3015 | D:4      | Found a blossoming altar of Fedhas.
  3350 | D:4      | Reached **** piety under Trog
  3462 | D:5      | Entered Level 5 of the Dungeon
  3504 | D:5      | Found a hazy altar of Hepliaklqana.
  3559 | D:5      | You fall into a shaft and drop 2 floors!
  3600 | D:7      | Reached skill level 5 in Fighting
  3600 | D:7      | Reached XP level 8. HP: 55/55 MP: 7/7
  3642 | D:7      | Reached skill level 1 in Throwing
  3670 | D:7      | Reached skill level 1 in Stealth
  3734 | D:7      | Found a sparkling altar of Nemelex Xobeh.
  3788 | D:7      | Reached skill level 7 in Axes
  3890 | D:7      | Identified the +2 war axe of Responsibility {vamp, rF+
                  | Dex+3}
  3956 | D:7      | Reached skill level 5 in Armour
  3974 | D:7      | Found a flagged portal.
  3986 | Bailey   | Entered a bailey
  4118 | Bailey   | Reached skill level 8 in Axes
  4166 | Bailey   | Reached XP level 9. HP: 17/62 MP: 8/8
  4281 | Bailey   | Noticed an orc knight
  4283 | Bailey   | Noticed an orc knight
  4314 | Bailey   | Demolished by an orc knight

Illustrated notes

Levels and vault maps discovered:
D:1:      roderic_crossed_star, layout_rooms, serial_shops, shop
D:2:      layout_loops_ring
D:3:      layout_basic, okawaru_trees_1, cheibrodos_sewer_entry_bend,
          dilly_ecumenical_altar_fadedgnrine
D:4:      layout_rooms, fedhas_ov_isle_minmay, corexii_checkpoint, uniq_pikel
D:5:      layout_basic, lemuel_doored_altar, mainiacjoe_overflow_brackets,
          minmay_temple_entry_enclosed_plants
D:7:      layout_basic, kennysheep_vampire_church,
          mainiacjoe_overflow_six_doors_small, enter_bailey_3, st_stairs_8,
          chequers_mini_garden
Bailey:   bailey_axe_minmay_hex_keep, bailey

Skill      XL: |  1  2  3  4  5  6  7  8 |
---------------+-------------------------+-----
Axes           | 3 4 6 8 |  8.2
Armour         | 2 3 4 5 |  5.5
Dodging        | 2 |  2.5
Fighting       | 4 5 |  5.8
Throwing       | 1 |  1.2
Stealth        | 1 |  1.3

Action                     |  1- 3 |  4- 6 |  7- 9 || total
---------------------------+-------+-------+-------++-------
  Melee: Hand axe          |   121 |   188 |   164 ||   473
         Punch             |     1 |     2 |     6 ||     9
         War axe           |       |       |    98 ||    98
  Throw: Boomerang         |    11 |     8 |     6 ||    25
 Invoke: Berserk           |       |     3 |     4 ||     7
         Trog's Hand       |       |       |     2 ||     2
    Use: Scroll            |     6 |     4 |     4 ||    14
         Potion            |     2 |       |     1 ||     3
   Stab: Petrifying        |       |       |     1 ||     1
         Paralysed         |       |       |     1 ||     1
 Armour: Animal skin       |    19 |       |       ||    19
         Plate armour      |    64 |   216 |   284 ||   564
  Dodge: Dodged            |    45 |    63 |    93 ||   201

Table legend: (Time is in decaauts)
 A = Elapsed time spent in this place.
 B = Non-inter-level travel time spent in this place.
 C = Inter-level travel time spent in this place.
 D = Time resting spent in this place.
 E = Time spent auto-exploring this place.
 F = Levels seen in this place.
 G = Mean time per level.
                   A        B        C        D        E       F      G
               +--------+--------+--------+--------+--------+-----+--------+
         Total |   4472 |   4365 |    107 |    366 |   2261 |   8 |  559.0 |
       Dungeon |   3594 |   3487 |    107 |    170 |   2160 |   6 |  599.0 |
         Sewer |    532 |    532 |      0 |    129 |     21 |   1 |  532.0 |
        Bailey |    344 |    344 |      0 |     67 |     79 |   1 |  344.0 |
               +--------+--------+--------+--------+--------+-----+--------+

Top non-repeatable levels by time:
     D:3: 963 daAuts
     D:2: 804 daAuts
     D:4: 666 daAuts
     D:1: 617 daAuts
   Sewer: 532 daAuts
     D:7: 446 daAuts
  Bailey: 344 daAuts
     D:5: 96 daAuts
